 Dungeon Crawl Stone Soup version 0.29.0-4-gdea44cf6ec (webtiles) character file.

Game seed: 10289374422743803007

408 qw the Chopper (level 6, -1/35 HPs)
             Began as a Tengu Warper on Aug 28, 2022.
             Was a Follower of Okawaru.
             Slain by an ogre
             ... wielding a +0 giant club
              (8 damage)
             ... on level 5 of the Dungeon.
             The game lasted 00:00:26 (5871 turns).

qw the Chopper (Tengu Warper)                       Turns: 5871, Time: 00:00:26

Health: -1/35      AC: 12    Str: 14    XL:     6   Next: 88%
Magic:  10/10      EV:  5    Int: 13    God:    Okawaru [*.....]
Gold:   221        SH:  0    Dex: 13    Spells: 9/9 levels left

rFire   + . .      SeeInvis .   Y - +1 war axe
rCold   . . .      Faith    .   (no shield)
rNeg    . . .      Spirit   .   d - +0 plate armour
rPois   .          Reflect  .   (helmet restricted)
rElec   .          Harm     .   c - +0 cloak
rCorr   .          Rampage  .   (no gloves)
Will    .....                   (boots unavailable)
Stlth   ..........              (no amulet)
HPRegen 0.11/turn               b - ring of protection from fire
MPRegen 0.12/turn               (no ring)

@: flying quickly and evasively, quick
A: beak, talons 3, nimble flight
a: Renounce Religion, Heroism


You were on level 5 of the Dungeon.
You worshipped Okawaru.
Okawaru was aware of your devotion.
You visited 1 branch of the dungeon, and saw 5 of its levels.

You collected 221 gold pieces.


Innate Abilities, Weirdness & Mutations

You have a beak for a mouth.
You have claws for feet.
Your magical nature lets you fly swiftly and evasively.


   Skills:
 + Level 2.0 Fighting
 - Level 7.2 Axes
 - Level 1.0 Throwing
 - Level 3.1 Armour
 - Level 2.1 Dodging
 - Level 2.0 Spellcasting
 - Level 2.4 Translocations
 + Level 0.0 Invocations


You had 9 spell levels left.
You didn't know any spells.
Your spell library contained the following spells:

 Spells                   Type           Power      Damage    Failure   Level
 Blink                    Tloc           14%        N/A       100%        2
 Gell's Gravitas          Tloc           7%         N/A       100%        3
 Lesser Beckoning         Tloc           7%         N/A       100%        3
 Teleport Other           Tloc           7%         N/A       100%        3
 Manifold Assault         Tloc           7%         N/A       100%        5

Inventory:

Hand Weapons
 e - a +0 morningstar
 Y - a +1 war axe (weapon)
Armour
 c - a +0 cloak (worn)
 d - a +0 plate armour (worn)
Jewellery
 b - a ring of protection from fire (left hand)
Scrolls
 a - a scroll of identify
Potions
 g - a potion of might
 i - a potion of mutation
 j - a potion of magic

Dungeon Overview and Level Annotations

Branches:
Dungeon (5/15)
 Temple: D:4-7

Altars:
Elyvilon
Okawaru
Vehumet
Yredelemnul

Shops:
D:1 :   D:4 *


Message History

You hear a shout!
You see here a potion of might.
Enter note:
Enter note:
Enter note:
Enter note:
Enter note: The centaur shoots an arrow.
The arrow closely misses you.
The centaur shoots an arrow.
The arrow barely misses you.
You hear a shout!
An ogre comes into view. It is wielding a +0 giant club.
The ogre shouts!
The centaur shoots an arrow.
The arrow hits you!
The centaur shoots an arrow.
The arrow hits you but does no damage.
An ogre comes into view. It is wielding a +0 giant club.
The centaur shoots an arrow.
The arrow hits you!
An ogre comes into view. It is wielding a +0 giant club.
The ogre shouts!
The centaur unwields a +0 shortbow.
The centaur hits you but does no damage.
The centaur barely misses you. The ogre closely misses you.
You slash the ogre! You claw the ogre.
The ogre is heavily wounded.
You hit the centaur. The centaur barely misses you. The centaur kicks you.
The centaur barely misses you. x2
You slash the ogre! You claw the ogre.
You kill the ogre!
Okawaru is honoured by your kill.
You can now gain great but temporary skills.
You hit the centaur.
The centaur hits you but does no damage.
The centaur kicks you but does no damage.
The centaur hits you but does no damage.
The centaur kicks you but does no damage.
Your Axes skill increases to level 7!
5871 ||| INVOKING Heroism.
You fail to use your ability.
The centaur hits you. The centaur barely misses you.
The ogre hits you with a +0 giant club!
You die...

....................####
........................
....................####
....................# #
....................#
....................#
....................##
......O..............#
....O.c@.............#
.....................#
............!........#
.....................#
.....................#
.....................#
.....................#
....................##
................#


You could see 2 ogres and a centaur.

Vanquished Creatures
  An ogre (D:5)
  A bullfrog (D:5)
  An orc priest (D:3)
  3 orc wizards (D:4)
  6 adders
  A white imp (D:3)
  A worm (D:2)
  11 orcs
  6 ball pythons
  9 endoplasms
  2 giant cockroaches
  11 goblins
  5 hobgoblins
  3 jackals (D:1)
  4 kobolds
  A quokka (D:1)
  6 bats
  4 frilled lizards
  7 rats
83 creatures vanquished.

Notes
Turn   | Place    | Note
-------+----------+-------------------------------------------
     0 | D:1      | qw the Tengu Warper began the quest for the Orb.
     0 | D:1      | Reached XP level 1. HP: 12/12 MP: 4/4
     0 | D:1      | 0 ||| qw: Version: 0.1-a-89-g26bdef1
     0 | D:1      | 0 ||| qw: Game counter: 1906
     0 | D:1      | 0 ||| qw: Always use a shield: true
     0 | D:1      | 0 ||| qw: God list: Okawaru
     0 | D:1      | 0 ||| qw: Allow faded altars: false
     0 | D:1      | 0 ||| qw: Do Orc after D:15 true
     0 | D:1      | 0 ||| qw: Do second Lair branch before Depths: true
     0 | D:1      | 0 ||| qw: Lair rune preference: random
     0 | D:1      | 0 ||| qw: Plans: Normal
     0 | D:1      | 0 ||| PLANNING D:1-11
   144 | D:1      | 144 ||| Stepping ~*~*~tactically~*~*~ (stealth).
   152 | D:1      | Reached XP level 2. HP: 14/17 MP: 6/6
   153 | D:1      | Reached skill level 3 in Axes
   623 | D:1      | 623 ||| Stepping ~*~*~tactically~*~*~ (stealth).
   717 | D:1      | Found Boruimuh's Book Boutique.
   815 | D:1      | Found a faded altar of an unknown god.
  1137 | D:1      | Reached XP level 3. HP: 21/21 MP: 7/7
  1328 | D:1      | 1328 ||| UPGRADING to +0 plate armour.
  1338 | D:1      | 1338 ||| DROPPING +0 leather armour.
  1339 | D:1      | 1339 ||| READING 3 scrolls labelled MUATYR TAFO.
  1340 | D:1      | 1340 ||| READING scroll labelled JABEMEZANE.
  1341 | D:1      | 1341 ||| READING scroll labelled LIDYECHI NYUTA.
  1442 | D:1      | 1442 ||| READING 2 scrolls of identify.
  1442 | D:1      | 1442 ||| IDENTIFYING pink potion
  1443 | D:1      | 1443 ||| DROPPING scroll of blinking.
  1444 | D:1      | 1444 ||| DROPPING potion of degeneration.
  1514 | D:2      | Reached skill level 4 in Axes
  1615 | D:2      | 1615 ||| FLEEEEING.
  1618 | D:2      | 1618 ||| FLEEEEING.
  1678 | D:2      | 1678 ||| FLEEEEING.
  1679 | D:2      | 1679 ||| FLEEEEING.
  1680 | D:2      | 1680 ||| FLEEEEING.
  1681 | D:2      | 1681 ||| FLEEEEING.
  1896 | D:2      | 1896 ||| Stepping ~*~*~tactically~*~*~ (hiding).
  1991 | D:2      | Identified the +0 scale mail of Quantum Leap {Fly}
  2073 | D:2      | 2073 ||| Stepping ~*~*~tactically~*~*~ (stealth).
  2293 | D:2      | Reached XP level 4. HP: 9/26 MP: 8/8
  2550 | D:2      | 2550 ||| READING 2 scrolls labelled QOEZOP YHUTYI.
  2555 | D:2      | 2555 ||| READING scroll labelled JAFEOGRYCH.
  2556 | D:2      | 2556 ||| READING 2 scrolls of identify.
  2556 | D:2      | 2556 ||| IDENTIFYING emerald potion
  2587 | D:3      | 2587 ||| Stepping ~*~*~tactically~*~*~ (hiding).
  2589 | D:3      | 2589 ||| Stepping ~*~*~tactically~*~*~ (hiding).
  2602 | D:3      | Found an iron altar of Okawaru.
  2606 | D:3      | 2606 ||| FLEEEEING.
  2607 | D:3      | 2607 ||| FLEEEEING.
  2608 | D:3      | 2608 ||| FLEEEEING.
  2609 | D:3      | 2609 ||| FLEEEEING.
  2610 | D:3      | 2610 ||| FLEEEEING.
  2617 | D:3      | 2617 ||| STAIRDANCE
  2668 | D:3      | Became a worshipper of Warmaster Okawaru
  2695 | D:3      | 2695 ||| FLEEEEING.
  2696 | D:3      | 2696 ||| FLEEEEING.
  2697 | D:3      | 2697 ||| FLEEEEING.
  2698 | D:3      | 2698 ||| FLEEEEING.
  2699 | D:3      | 2699 ||| FLEEEEING.
  2700 | D:3      | 2700 ||| FLEEEEING.
  2710 | D:3      | 2710 ||| STAIRDANCE
  2750 | D:2      | 2750 ||| READING 2 scrolls of identify.
  2750 | D:2      | 2750 ||| IDENTIFYING inky potion
  2763 | D:3      | Reached skill level 5 in Axes
  2773 | D:3      | 2773 ||| FLEEEEING.
  2774 | D:3      | 2774 ||| FLEEEEING.
  2781 | D:3      | 2781 ||| STAIRDANCE
  2900 | D:3      | 2900 ||| DROPPING +0 whip.
  2920 | D:3      | 2920 ||| Stepping ~*~*~tactically~*~*~ (stealth).
  2953 | D:3      | HP: 6/26 [white imp/puff of frost (2)]
  2954 | D:3      | 2954 ||| READING scroll of teleportation.
  2955 | D:3      | HP: 1/26 [white imp/puff of frost (5)]
  3277 | D:3      | Gained mutation: Your magical nature lets you fly swiftly
                  | and evasively. [Tengu growth]
  3277 | D:3      | Reached XP level 5. HP: 30/30 MP: 9/9
  3343 | D:3      | Found a radiant altar of Vehumet.
  3347 | D:3      | Found a basalt altar of Yredelemnul.
  3423 | D:3      | 3423 ||| Stepping ~*~*~tactically~*~*~ (hiding).
  3924 | D:3      | 3924 ||| READING scroll labelled COXKUJ FEIBB.
  3925 | D:3      | 3925 ||| READING 2 scrolls of identify.
  3925 | D:3      | 3925 ||| IDENTIFYING smoky white potion
  3926 | D:3      | 3926 ||| DROPPING potion of ambrosia.
  4006 | D:4      | Found Udeb's Gadget Gallery.
  4221 | D:4      | 4221 ||| Stepping ~*~*~tactically~*~*~ (hiding).
  4222 | D:4      | 4222 ||| Stepping ~*~*~tactically~*~*~ (hiding).
  4223 | D:4      | 4223 ||| Stepping ~*~*~tactically~*~*~ (hiding).
  4229 | D:4      | 4229 ||| DRINKING 2 potions of curing.
  4229 | D:4      | 4229 ||| (to cure confusion)
  4237 | D:4      | 4237 ||| DRINKING potion of curing.
  4237 | D:4      | 4237 ||| (to cure confusion)
  4243 | D:4      | Reached skill level 6 in Axes
  4247 | D:4      | HP: 3/30 [orc/+0 morningstar (5)]
  4252 | D:4      | Reached XP level 6. HP: 3/35 MP: 10/10
  4544 | D:4      | 4544 ||| DROPPING +0 flail.
  4583 | D:4      | 4583 ||| SWAPPING to +0 war axe.
  4584 | D:4      | 4584 ||| DROPPING +0 hand axe.
  4939 | D:4      | Found a white marble altar of Elyvilon.
  5659 | D:4      | 5659 ||| UPGRADING to +0 cloak.
  5664 | D:4      | 5664 ||| UPGRADING to ring of protection from fire.
  5665 | D:4      | 5665 ||| READING scroll labelled HIARA MENE.
  5666 | D:4      | 5666 ||| READING 2 scrolls labelled JAIVAC KAILUH.
  5667 | D:4      | 5667 ||| DRINKING 2 bubbling red potions.
  5668 | D:4      | 5668 ||| READING 3 scrolls of identify.
  5668 | D:4      | 5668 ||| IDENTIFYING black potion
  5669 | D:4      | 5669 ||| READING 2 scrolls of identify.
  5669 | D:4      | 5669 ||| IDENTIFYING coppery potion
  5670 | D:4      | 5670 ||| DROPPING potion of invisibility.
  5671 | D:4      | 5671 ||| DROPPING scroll of vulnerability.
  5691 | D:5      | Entered Level 5 of the Dungeon
  5696 | D:5      | 5696 ||| STAIRDANCE
  5712 | D:5      | Reached skill level 3 in Armour
  5712 | D:5      | 5712 ||| STAIRDANCE
  5870 | D:5      | Reached * piety under Okawaru
  5871 | D:5      | Reached skill level 7 in Axes
  5871 | D:5      | 5871 ||| INVOKING Heroism.
  5871 | D:5      | HP: 7/35 [centaur (5)]
  5871 | D:5      | Slain by an ogre

Levels and vault maps discovered:
D:1:      sevenhm_arrival_forest_fort_small_5, layout_basic,
          chequers_ecumenical_altar_simple, serial_shops, nicolae_shop_trees,
          nrook_mini_vaults, minmay_tetromino_t2
D:2:      layout_basic, minmay_goblin_outpost
D:3:      layout_loops_cross, grunt_temple_overflow_open,
          kennysheep_okawaru_gauntlet
D:4:      layout_layer_cave, elyvilon_altar_1, nicolae_shop_gadgets
D:5:      layout_layer_cave, minmay_temple_entry_statues_fountains

Skill      XL: |  1  2  3  4  5  6 |
---------------+-------------------+-----
Axes           | 3 4 5 6 7 |  7.2
Armour         | 2 3 |  3.1
Fighting       | |  2.0
Throwing       | |  1.0
Dodging        | |  2.1
Spellcasting   | |  2.0
Translocations | |  2.4

Action                   |  1- 3 |  4- 6 || total
-------------------------+-------+-------++-------
Melee: Hand axe          |    83 |    75 ||   158
       Peck              |    11 |    14 ||    25
       Kick              |    17 |    18 ||    35
       Punch             |     1 |     1 ||     2
       War axe           |       |    27 ||    27
Throw: Boomerang         |     7 |     8 ||    15
  Use: Scroll            |     4 |    11 ||    15
       Potion            |       |     3 ||     3
Armor: Leather armour    |    18 |       ||    18
       Plate armour      |    20 |    95 ||   115
Dodge: Dodged            |    38 |    28 ||    66

Table legend:
 A = Non-vault XP
 B = Vault XP
 C = Vault XP percentage of total XP
 D = Non-vault monster count
 E = Vault monster count
 F = Vault count percentage of total count
                 A         B        C        D         E       F
            +---------+---------+-------+---------+---------+-------
      Total |     568 |      16 |   2.7 |      75 |       8 |   9.6
            +---------+---------+-------+---------+---------+-------
        D:1 |      38 |       4 |   9.5 |      23 |       2 |   8.0
        D:2 |      49 |       8 |  14.0 |      15 |       4 |  21.1
        D:3 |     105 |       4 |   3.7 |      19 |       2 |   9.5
        D:4 |     161 |       0 |   0.0 |      16 |       0 |   0.0
        D:5 |     215 |       0 |   0.0 |       2 |       0 |   0.0
            +---------+---------+-------+---------+---------+-------
